 Dungeon Crawl Stone Soup version 0.18-a0-1577-gf591c28 (webtiles) character file.

478 M4edhros the Covert (level 7, 0/43 HPs)
             Began as an Octopode Artificer on Mar 22, 2016.
             Slain by a giant frog (4 damage)
             ... in a sewer.
             The game lasted 00:05:47 (3521 turns).

M4edhros the Covert (Octopode Artificer)            Turns: 3521, Time: 00:05:47

Health: 0/43       AC:  1    Str: 15    XL:     7   Next: 11%
Magic:  9/9        EV: 14    Int: 15    God:
Gold:   155        SH:  0    Dex: 14    Spells: 0 memorised, 6 levels left

rFire  . . .     SeeInvis .     a - +0 short sword
rCold  . . .     Gourm    .     (no shield)
rNeg   . . .     Faith    .     (helmet restricted)
rPois  .         Spirit   .     (no amulet)
rElec  .         Dismiss  .     (no ring)
rCorr  .         Reflect  .     (no ring)
SustAt .         Harm     .     (no ring)
MR     .....                    (no ring)
Stlth  ++++++....               (no ring)
                                (no ring)
                                (no ring)
                                (no ring)

@: mighty, not resistant to hostile enchantments, very stealthy
A: almost no armour, amphibious, 8 rings, constrict 8, camouflage 1, gelatinous
body 1
a: no special abilities


You were in a sewer.
You were not hungry.

You visited 1 branch of the dungeon, and saw 3 of its levels.
You also visited: Sewer.

You collected 155 gold pieces.

Inventory:

Hand Weapons
 a - a +0 short sword (weapon)
Missiles
 e - 98 stones (quivered)
 l - 2 tomahawks of returning
Wands
 b - a wand of flame (9/48)
 c - a wand of enslavement (15/24)
 d - a wand of random effects (13/48)
Scrolls
 g - 2 scrolls of identify
 j - 3 scrolls of magic mapping
 k - a scroll of noise {unknown}
 n - a scroll of enchant armour {unknown}
 t - a scroll of blinking {unknown}
 v - 3 scrolls of recharging {unknown}
Potions
 h - 2 potions of might
 i - a potion of heal wounds {unknown}
 o - 2 potions of magic
 q - a potion of degeneration {unknown}
 r - 4 potions of lignification {unknown}
 s - a potion of berserk rage {unknown}
 u - 3 potions of brilliance {unknown}
Books
 p - a book of Frost

   Spells                             Type                      Level
   a - Freeze                         Ice                          1
   b - Throw Frost                    Conjuration/Ice              2
   c - Ozocubu's Armour               Charms/Ice                   3
   d - Throw Icicle                   Conjuration/Ice              4
   e - Summon Ice Beast               Ice/Summoning                4
Comestibles
 f - 3 bread rations
 m - 2 beef jerkies


   Skills:
 - Level 1.0 Fighting
 - Level 1.0 Short Blades
 + Level 4.8 Dodging
 * Level 8.1 Stealth
 - Level 3.2 Evocations


You had 6 spell levels left.
You didn't know any spells.

Dungeon Overview and Level Annotations

Branches:
Dungeon (3/15)

Altars:
Dithmenos
Qazlal
Ru


Innate Abilities, Weirdness & Mutations

You cannot wear most types of armour.
You are amphibious.
You can wear up to eight rings at the same time.
You can use your tentacles to constrict eight enemies at once.
Your skin changes colour to match your surroundings (Stealth).
Your rubbery body absorbs attacks (AC +1).


Message History

You hit the giant frog.
The giant frog is heavily wounded.
You constrict the giant frog. The giant frog closely misses you.
The giant frog hits you!
* * * LOW HITPOINT WARNING * * *
The giant frog closely misses you.
Drink which item? (? for menu, Esc to quit)
It was a potion of might.
You feel very mighty all of a sudden.
You constrict the giant frog. The giant frog closely misses you.
The giant frog barely misses you. The giant frog hits you.
* * * LOW HITPOINT WARNING * * *
Drink which item? (? for menu, Esc to quit)
It was a potion of magic.
Magic courses through your body.
You constrict the giant frog.
You kill the giant frog!
Your Stealth skill increases to level 8!
You have reached level 7!
The giant frog hits you.
You die...

≈≈÷≈≈≈#
#####≈≈≈≈≈≈#
≈≈≈≈≈≈#
#≈≈≈≈≈≈#
≈≈÷÷÷≈#
#≈≈≈≈≈≈#
≈≈≈≈≈≈#
#≈≈≈≈≈≈#
≈≈≈≈≈≈#
#≈≈≈≈≈≈#
≈≈≈≈.≈#
#≈≈≈≈≈≈#
.≈).≈.#
#≈≈≈≈≈≈#
≈...≈≈#
#≈≈≈≈≈≈#
≈≈≈≈≈≈#
#≈≈@≈≈≈#
≈≈≈≈≈≈#
#≈≈†F≈≈#
≈≈≈≈≈≈#
#≈≈≈≈≈≈#
≈≈≈≈≈≈#
#≈≈÷≈≈≈#
≈≈≈≈≈≈#
#≈≈÷≈≈≈#
≈≈≈≈≈≈#
#≈†≈≈≈≈#
≈≈≈≈≈≈#
#≈≈≈≈≈≈#
≈≈≈≈≈≈#
#≈≈(≈≈≈#
..≈...#
#...≈≈≈#


You could see a giant frog.

Vanquished Creatures
  Sigmund (D:2)
  A giant frog (Sewer)
  A gnoll (D:2)
  7 river rats (Sewer)
  9 adders
  A worm (D:3)
  3 dart slugs
  3 giant geckos
  5 giant cockroaches
  8 goblins
  7 hobgoblins
  5 jackals
  16 ball pythons
  9 bats
  4 giant newts
  7 kobolds
  25 rats
112 creatures vanquished.

Notes
Turn   | Place    | Note
--------------------------------------------------------------
     0 | D:1      | M4edhros the Octopode Artificer began the quest for the Orb.
     0 | D:1      | Reached XP level 1. HP: 13/13 MP: 3/3
   155 | D:1      | Reached skill level 2 in Stealth
   336 | D:1      | Reached XP level 2. HP: 12/18 MP: 4/4
   541 | D:1      | Reached skill level 3 in Stealth
   769 | D:1      | Reached XP level 3. HP: 23/23 MP: 5/5
   894 | D:2      | Found a stormy altar of Qazlal.
  1186 | D:2      | Found a shadowy altar of Dithmenos.
  1216 | D:2      | Noticed Sigmund
  1228 | D:2      | Killed Sigmund
  1228 | D:2      | Reached skill level 6 in Stealth
  1228 | D:2      | Reached XP level 4. HP: 18/28 MP: 6/6
  1228 | D:2      | Reached XP level 5. HP: 21/33 MP: 7/7
  1619 | D:2      | Reached XP level 6. HP: 34/38 MP: 8/8
  1848 | D:2      | Found a sacrificial altar of Ru.
  2594 | D:3      | Found a glowing drain.
  2598 | Sewer    | Entered a sewer
  2855 | Sewer    | Reached skill level 7 in Stealth
  3521 | Sewer    | Reached skill level 8 in Stealth
  3521 | Sewer    | Reached XP level 7. HP: 4/43 MP: 9/9
  3521 | Sewer    | Slain by a giant frog

Vault maps used:
D:1:      minmay_arrival_shattered_statue, minmay_parallelograms, minmay_cupped
D:2:      overflow_temple_1_default, nicolae_overflow_crystal_walls,
          first_bread, nicolae_ru_the_path_less_chosen, uniq_sigmund
D:3:      gup_sewer_entry_bowl
Sewer:    sewer_minmay_w

Skill      XL: |  1  2  3  4  5  6 |
---------------+-------------------+-----
Stealth        | 2 3 6 8 |  8.1
Dodging        | 4 |  4.8
Fighting       | |  1.0
Short Blades   | |  1.0
Evocations     | |  3.2

Action                   |  1- 3 |  4- 6 |  7- 9 || total
-------------------------+-------+-------+-------++-------
Melee: Short sword       |    77 |   117 |       ||   194
       Dagger            |       |    11 |       ||    11
Throw: Stone             |       |     2 |       ||     2
Evoke: Wand              |       |     8 |       ||     8
  Use: Scroll            |       |     2 |       ||     2
       Potion            |       |     2 |       ||     2
 Stab: Sleeping          |     7 |    11 |       ||    18
       Distracted        |       |     1 |       ||     1
  Eat: Chunk             |     1 |     7 |       ||     8
